 Dungeon Crawl Stone Soup version 0.20-a0-548-g4f8a798 (webtiles) character file.

35 Krakonus1 the Stinger (level 3, -1/28 HPs)
             Began as a Naga Venom Mage on Feb 1, 2017.
             Slain by a jackal (2 damage)
             ... on level 1 of the Dungeon.
             The game lasted 00:10:32 (1113 turns).

Krakonus1 the Stinger (Naga Venom Mage)             Turns: 1113, Time: 00:10:33

Health: -1/28      AC:  2    Str: 10    XL:     3   Next: 33%
Magic:  0/6        EV: 10    Int: 16    God:
Gold:   20         SH:  0    Dex: 11    Spells: 3/6 levels left

rFire    . . .     SeeInvis +   (no weapon)
rCold    . . .     Gourm    .   a - +0 robe
rNeg     . . .     Faith    .   (no shield)
rPois    +         Spirit   .   (no helmet)
rElec    .         Reflect  .   (no cloak)
rCorr    .         Harm     .   (no gloves)
MR       .....                  (no barding)
Stlth    ++........             (no amulet)
Regen    0.1/turn               (no ring)
                                (no ring)

@: very slightly contaminated, very slow
A: see invisible, deformed body, poison resistance, slowness 2, slow metabolism
1, spit poison 1, AC +1
a: Spit Poison


You were on level 1 of the Dungeon.
You were very hungry.

You visited 1 branch of the dungeon, and saw 2 of its levels.

You collected 20 gold pieces.

Inventory:

Missiles
 d - 24 stones (quivered)
Armour
 a - a +0 robe (worn)
Scrolls
 e - a scroll of immolation
Books
 b - a Young Poisoner's Handbook

   Spells                             Type                      Level
   a - Sting                          Conjuration/Poison           1
   b - Poisonous Vapours              Poison/Air                   2
   c - Mephitic Cloud                 Conjuration/Poison/Air       3
   d - Olgreb's Toxic Radiance        Poison                       4
   e - Venom Bolt                     Conjuration/Poison           5
Comestibles
 c - 2 bread rations
 g - a meat ration


   Skills:
 * Level 0.7 Armour
 * Level 2.1 Dodging
 * Level 3.4 Stealth
 + Level 2.2 Spellcasting
 + Level 1.2 Conjurations
 + Level 4.2 Poison Magic


You had 3 spell levels left.
You knew the following spells:

 Your Spells              Type           Power        Failure   Level  Hunger
a - Sting                 Conj/Pois      ##..         10%         1    #......
b - Poisonous Vapours     Pois/Air       #.....       14%         2    ###....


Dungeon Overview and Level Annotations

Branches:
Dungeon (2/15)

Altars:


Innate Abilities, Weirdness & Mutations

You cannot wear boots.
Your serpentine skin is tough. (AC +1)
You have supernaturally acute eyesight. (SInv)
Armour fits poorly on your strangely shaped body.
Your system is resistant to poisons. (rPois)
You cover ground very slowly.
You have a slow metabolism.
You can spit poison.


Message History

You miscast Sting.
You are momentarily dazzled by a flash of light!
The jackal closely misses you.
You hit the jackal.
The jackal is moderately wounded.
The jackal bites you.
* * * LOW HITPOINT WARNING * * *
You hit the jackal but do no damage.
The jackal is moderately wounded.
The jackal barely misses you.
The jackal bites you but does no damage.
You barely miss the jackal.
The jackal is moderately wounded.
The jackal bites you.
* * * LOW HITPOINT WARNING * * *
As you read the scroll labeled JOAQEINITT, it crumbles to dust.
It is a scroll of identify.
You don't have any unidentified items.
The jackal closely misses you. The jackal bites you.
You die...

##.# #.# #..#..<..#...#
#.###.###..#.....#....
#.#........#######..##
##.#.#.###...........##
#..........#..####...##
#..#.#.##..#.#####...##
#..#.#.##..#.........##
#..#.#.##..#####.......
#..#.#@##..#####.#...##
#..#.#h##............##
#.>...............#....
#.####............#.###
#.#######..######......
#...................###
#####################


You could see a jackal.

Vanquished Creatures
  An ooze (D:1)
  A dart slug (D:1)
  3 leopard geckos (D:1)
  A giant cockroach (D:1)
  A goblin (D:1)
  5 hobgoblins (D:1)
  A jackal (D:1)
  2 bats (D:1)
  3 frilled lizards (D:1)
  4 kobolds (D:1)
  A rat (D:1)
23 creatures vanquished.

Notes
Turn   | Place    | Note
-------+----------+-------------------------------------------
     0 | D:1      | Krakonus1 the Naga Venom Mage began the quest for the Orb.
     0 | D:1      | Reached XP level 1. HP: 15/15 MP: 3/3
   295 | D:1      | Reached XP level 2. HP: 18/22 MP: 0/5
   387 | D:1      | Learned a level 2 spell: Poisonous Vapours
   623 | D:1      | Reached XP level 3. HP: 28/28 MP: 0/6
  1112 | D:1      | HP: 1/28 [jackal (3)]
  1113 | D:1      | Slain by a jackal

Vault maps used:
D:1:      dpeg_arrival_windows_large_door
D:2:      ashenzari_conservatory_becter, chequers_ecumenical_altar_simple_redux,
          uniq_terence

Skill      XL: |  1  2 |
---------------+-------+-----
Dodging        | 2 |  2.1
Armour         | |  0.7
Stealth        | |  3.4
Spellcasting   | |  2.2
Conjurations   | |  1.2
Poison Magic   | |  4.2

Action                   || total
-------------------------++-------
Melee: Unarmed           ||    55
Throw: Stone             ||     4
 Cast: Sting             ||    49
       Poisonous Vapours ||     1
  Use: Scroll            ||     3
Armor: Robe              ||     8
Dodge: Dodged            ||    52
